 Dungeon Crawl Stone Soup version 0.28.0 (webtiles) character file.

Game seed: 10544323859040090480

74 BeingJoeMalik the Cudgeller (level 4, 0/28 HPs)
             Began as a Tengu Fighter on Feb 6, 2022.
             Killed from afar by a white imp (2 damage)
             ... with a puff of frost
             ... on level 3 of the Dungeon.
             The game lasted 00:04:07 (2285 turns).

BeingJoeMalik the Cudgeller (Tengu Fighter)         Turns: 2285, Time: 00:04:08

Health: 0/28       AC:  6    Str: 16    XL:     4   Next: 28%
Magic:  5/5        EV:  8    Int:  8    God:
Gold:   7          SH:  5    Dex: 16    Spells: 3/3 levels left

rFire   . . .      SeeInvis .   a - +0 flail
rCold   . . .      Faith    .   c - +0 buckler
rNeg    . . .      Spirit   .   b - +0 scale mail
rPois   .          Reflect  .   (helmet restricted)
rElec   .          Harm     .   (no cloak)
rCorr   .          Rampage  .   (no gloves)
Will    .....                   (boots unavailable)
Stlth   ..........              (no amulet)
HPRegen 0.09/turn               (no ring)
MPRegen 0.09/turn               (no ring)

@: no status effects
A: beak, talons 3
a: no special abilities


You were on level 3 of the Dungeon.
You visited 1 branch of the dungeon, and saw 3 of its levels.

You collected 49 gold pieces.
You spent 42 gold pieces at shops.

Inventory:

Hand Weapons
 a - a +0 flail (weapon)
Armour
 b - a +0 scale mail (worn)
 c - a +0 buckler (worn)
Scrolls
 e - 2 scrolls of magic mapping
 f - a scroll of enchant armour {unknown}
 h - a scroll of noise {unknown}
 i - a scroll of teleportation {unknown}
 j - 2 scrolls of identify {unknown}
Potions
 d - a potion of might
 g - a potion of curing {unknown}


   Skills:
 - Level 3.0 Fighting
 + Level 4.9 Maces & Flails
 - Level 3.2 Armour
 - Level 3.0 Shields


You had 3 spell levels left.
You didn't know any spells.
Your spell library contained the following spells:

 Spells                   Type           Power      Damage    Failure   Level
 Corpse Rot               Necr/Air       0%         N/A       97%         2
 Poisonous Vapours        Pois/Air       0%         N/A       97%         2


Dungeon Overview and Level Annotations

Branches:
Dungeon (3/15)

Altars:

Shops:
D:3 ?


Innate Abilities, Weirdness & Mutations

You have a beak for a mouth.
You have claws for feet.


Message History

You struggle against the net.
The gnoll shaman shouts!
A gnoll comes into view. It is wielding a +0 spear.
The white imp hits you but does no damage.
Unknown command.
You tear a large gash into the net.
A gnoll comes into view. It is wielding a +0 spear.
The white imp hits you. The white imp freezes you.
Unknown command.
You shred the net and break free! The gnoll barely misses you.
The gnoll shaman calls upon its god to speed up the gnoll.
The gnoll seems to speed up.
The white imp gestures at you. You block the puff of frost.
Unknown command.
The gnoll throws a throwing net.
The throwing net hits you.
You become entangled in the net!
You see here a throwing net.
Unknown command.
You tear a large gash into the net.
The gnoll hits you but does no damage.
The white imp hits you but does no damage.
Unknown command.
You struggle against the net.
The gnoll hits you but does no damage.
The white imp hits you but does no damage.
Unknown command.
You struggle against the net.
The gnoll hits you but does no damage. The gnoll barely misses you.
The gnoll hits you but does no damage. The white imp hits you.
The white imp freezes you.
Unknown command.
You shred the net and break free! The endoplasm freezes you.
You are frozen.
* * * LOW HITPOINT WARNING * * *
The gnoll hits you from afar with a +0 halberd.
* * * LOW HITPOINT WARNING * * *
The gnoll hits you from afar with a +0 spear.
* * * LOW HITPOINT WARNING * * *
The white imp gestures at you. The puff of frost hits you.
You die...

#.#.............#
.................#
....#.#..........#
.................#
.................####.
.......#........##.$..
.......#..............
...................##
.............@g...#
...........J5..#....
.........gKgg# ###
.............#
..........g##
#........#g
...#..###... ....#
...g ..#. .....


You could see a gnoll shaman, 5 gnolls, a white imp, an endoplasm and a kobold.

Vanquished Creatures
  An adder (D:2)
  2 worms (D:2)
  5 ball pythons
  4 endoplasms
  3 giant cockroaches
  6 goblins
  4 hobgoblins
  3 quokkas
  2 bats
  4 frilled lizards
  13 kobolds
  9 rats
56 creatures vanquished.

Notes
Turn   | Place    | Note
-------+----------+-------------------------------------------
     0 | D:1      | BeingJoeMalik the Tengu Fighter began the quest for the
                  | Orb.
     0 | D:1      | Reached XP level 1. HP: 14/14 MP: 2/2
   158 | D:1      | Reached XP level 2. HP: 14/16 MP: 3/3
   195 | D:1      | Reached skill level 3 in Maces & Flails
   636 | D:1      | You fall into a shaft and drop 1 floor!
   639 | D:2      | Reached XP level 3. HP: 19/23 MP: 4/4
   772 | D:1      | Reached skill level 4 in Maces & Flails
  1760 | D:2      | Reached XP level 4. HP: 28/28 MP: 5/5
  2228 | D:3      | Found Bidur's Magic Scroll Shoppe.
  2258 | D:3      | Bought a scroll of magic mapping for 42 gold pieces
  2285 | D:3      | Killed from afar by a white imp

Illustrated notes

Levels and vault maps discovered:
D:1:      amcnicky_arrival_gap_in_the_tavern_cellar, layout_basic,
          serial_forest, infiniplex_forest_clump_C,
          infiniplex_forest_lined_4_way, infiniplex_forest_lined_corner,
          infiniplex_forest_straight_5, infiniplex_forest_lined_3,
          infiniplex_forest_clump_double, infiniplex_forest_clump_curved,
          infiniplex_forest_lined_corner, infiniplex_forest_clump_small,
          minmay_bisected
D:2:      layout_basic
D:3:      layout_rooms, mainiacjoe_overflow_alcove_1, fedhas_altar_3,
          serial_shops, shop, dreamdust_ecumenical_altar_grove,
          lemuel_another_geyser

Skill      XL: |  1  2  3 |
---------------+----------+-----
Maces & Flails | 3 4 |  4.9
Fighting       | |  3.0
Armour         | |  3.2
Shields        | |  3.0

Action                   |  1- 3 |  4- 6 || total
-------------------------+-------+-------++-------
Melee: Flail             |    96 |    17 ||   113
       Kick              |    23 |     1 ||    24
       Peck              |    11 |     1 ||    12
Armor: Scale mail        |    41 |    14 ||    55
Dodge: Dodged            |    34 |     3 ||    37
Block: Buckler           |    23 |     6 ||    29
